BSA
SEATTLE PIKES @ JERSEY SHORE D-BAGS
03/15/2029
 
TOP OF THE 1ST
Seattle Pikes batting - Pitching for Jersey Shore D-Bags : RHP Bob Moss
Pitching: RHP Bob Moss
Batting: RHB Robinson Pacheco 0-0: Ball
1-0: Ball
2-0: Ball
3-0: Called Strike
3-1: DOUBLE (Line Drive, 7LM)
Batting: RHB Robert Johnson 0-0: Called Strike
0-1: Ball
1-1: Fly out, F8 (Line Drive, 8RD)
Batting: LHB Richard Hunter 0-0: Foul Ball, location: 2F
0-1: SINGLE (Groundball, 6D)
Robinson Pacheco to third
Batting: RHB Manuel Rico 0-0: Ball
1-0: Ball
2-0: Called Strike
2-1: Grounds into double play, 5-4-3 (Groundball, 56)
Top of the 1st over - 0 runs, 2 hits, 0 errors, 1 left on base; Seattle 0 - Jersey Shore 0
BOTTOM OF THE 1ST
Jersey Shore D-Bags batting - Pitching for Seattle Pikes : LHP Allen Purss
Pitching: LHP Allen Purss
Batting: RHB Ricardo González 0-0: Ball
1-0: Swinging Strike
1-1: Swinging Strike
1-2: Ball
2-2: Foul Ball, location: 2F
2-2: Ball
3-2: Base on Balls
Batting: LHB Juan Hernández 0-0: Ball
1-0: Ball
2-0: Called Strike
2-1: SINGLE (Line Drive, 34D)
Ricardo González to second
Batting: RHB Ben Morton 0-0: Grounds into double play, 4-6-3 (Groundball, 34)
Ricardo González to third
Batting: RHB Miguel Serna 0-0: Ball
1-0: Foul Ball, location: 2F
1-1: Ball
2-1: Swinging Strike
2-2: Strikes out swinging
Bottom of the 1st over - 0 runs, 1 hit, 0 errors, 1 left on base; Seattle 0 - Jersey Shore 0
TOP OF THE 2ND
Seattle Pikes batting - Pitching for Jersey Shore D-Bags : RHP Bob Moss
Batting: LHB Francisco Ríos 0-0: Called Strike
0-1: Ball
1-1: Ball
2-1: Foul Ball, location: 2F
2-2: Strikes out looking
Batting: RHB Randy Sheppard 0-0: Ball
1-0: Ground out 5-3 (Groundball, 56)
Batting: RHB Iván Gonzáles 0-0: Ball
1-0: Foul Ball, location: 2F
1-1: Ground out 4-3 (Groundball, 4)
Top of the 2nd over - 0 runs, 0 hits, 0 errors, 0 left on base; Seattle 0 - Jersey Shore 0
BOTTOM OF THE 2ND
Jersey Shore D-Bags batting - Pitching for Seattle Pikes : LHP Allen Purss
Batting: RHB Mike Ingram 0-0: Ground out 5-3 (Groundball, 56S)
Batting: RHB Pat Fullerton 0-0: Called Strike
0-1: Foul Ball, location: 2F
0-2: SINGLE (Groundball, 5) (infield hit)
Batting: LHB Albert Morgan 0-0: Ball
1-0: Foul Ball, location: 2F
1-1: Ball
2-1: Called Strike
2-2: Foul Ball, location: 2F
2-2: Strikes out swinging
Batting: LHB António Cedeño 0-0: Ball
1-0: Called Strike
1-1: Ground out 1-3 (Groundball, 13S)
Bottom of the 2nd over - 0 runs, 1 hit, 0 errors, 1 left on base; Seattle 0 - Jersey Shore 0
TOP OF THE 3RD
Seattle Pikes batting - Pitching for Jersey Shore D-Bags : RHP Bob Moss
Batting: RHB Arnold Harmon 0-0: Bunted foul
0-1: Ball
1-1: Ground out 6-3 (Groundball, 6)
Batting: RHB Pete Rideout 0-0: SINGLE (Flyball, 7S)
Batting: RHB Robinson Pacheco 0-0: Ball
Pete Rideout steals 2nd base
1-0: Ground out 1-3 (Groundball, 13S)
Pete Rideout to third
Batting: RHB Robert Johnson 0-0: Ball
1-0: Swinging Strike
1-1: Ground out 6-3 (Groundball, 56)
Top of the 3rd over - 0 runs, 1 hit, 0 errors, 1 left on base; Seattle 0 - Jersey Shore 0
BOTTOM OF THE 3RD
Jersey Shore D-Bags batting - Pitching for Seattle Pikes : LHP Allen Purss
Batting: RHB Tetsunori Ito 0-0: Called Strike
0-1: Swinging Strike
0-2: Fly out, F8 (Flyball, 78D)
Batting: RHB Ricardo González 0-0: Foul Ball, location: 2F
0-1: SOLO HOME RUN (Flyball, 9LD), Distance : 348 ft
Batting: LHB Juan Hernández 0-0: Called Strike
0-1: Ball
1-1: Foul Ball, location: 2F
1-2: Ball
2-2: Foul Ball, location: 2F
2-2: Foul Ball, location: 2F
2-2: Foul Ball, location: 2F
2-2: Ball
3-2: Foul Ball, location: 2F
3-2: DOUBLE (Line Drive, 9LM)
Batting: RHB Ben Morton 0-0: Fly out, F8 (Flyball, 8RXD)
Runner from 2nd tags up, SAFE at 3rd, no throw
Batting: RHB Miguel Serna 0-0: DOUBLE (Line Drive, 9LM)
Juan Hernández scores
Batting: RHB Mike Ingram 0-0: Ball
1-0: Foul Ball, location: 2F
1-1: Ball
2-1: Ground out 6-3 (Groundball, 6)
Bottom of the 3rd over - 2 runs, 3 hits, 0 errors, 1 left on base; Seattle 0 - Jersey Shore 2
TOP OF THE 4TH
Seattle Pikes batting - Pitching for Jersey Shore D-Bags : RHP Bob Moss
Batting: LHB Richard Hunter 0-0: Ball
1-0: Called Strike
1-1: Called Strike
1-2: Foul Ball, location: 2F
1-2: Foul Ball, location: 2F
1-2: Foul Ball, location: 2F
1-2: Ground out 5-3 (Groundball, 56)
Batting: RHB Manuel Rico 0-0: Called Strike
0-1: Ball
1-1: Swinging Strike
1-2: Strikes out looking
Batting: LHB Francisco Ríos 0-0: Ball
1-0: Foul Ball, location: 2F
1-1: Called Strike
1-2: Strikes out looking
Top of the 4th over - 0 runs, 0 hits, 0 errors, 0 left on base; Seattle 0 - Jersey Shore 2
BOTTOM OF THE 4TH
Jersey Shore D-Bags batting - Pitching for Seattle Pikes : LHP Allen Purss
Batting: RHB Pat Fullerton 0-0: Ball
1-0: Ball
2-0: SINGLE (Groundball, 6MD)
Batting: LHB Albert Morgan 0-0: Called Strike
0-1: Ball
1-1: Fly out, F9 (Flyball, 89M)
Batting: LHB António Cedeño 0-0: Grounds into double play, 4-6-3 (Groundball, 4)
Bottom of the 4th over - 0 runs, 1 hit, 0 errors, 0 left on base; Seattle 0 - Jersey Shore 2
TOP OF THE 5TH
Seattle Pikes batting - Pitching for Jersey Shore D-Bags : RHP Bob Moss
Pitching: RHP Chris Chamberlain
Batting: RHB Randy Sheppard 0-0: Swinging Strike
0-1: Ground out 3-1 (Groundball, 34)
Batting: RHB Iván Gonzáles 0-0: Ball
1-0: Foul Ball, location: 2F
1-1: Called Strike
1-2: Strikes out looking
Batting: RHB Arnold Harmon 0-0: Swinging Strike
0-1: Ball
1-1: Swinging Strike
1-2: Ball
2-2: Foul Ball, location: 2F
2-2: Strikes out swinging
Top of the 5th over - 0 runs, 0 hits, 0 errors, 0 left on base; Seattle 0 - Jersey Shore 2
BOTTOM OF THE 5TH
Jersey Shore D-Bags batting - Pitching for Seattle Pikes : LHP Allen Purss
Pitching: RHP Ron Hannah
Batting: RHB Tetsunori Ito 0-0: Ball
1-0: Ball
2-0: SINGLE (Groundball, 34S) (infield hit)
Batting: RHB Ricardo González 0-0: Ball
1-0: Swinging Strike
1-1: Ball
2-1: Ball
3-1: Base on Balls
Tetsunori Ito to second
Batting: LHB Juan Hernández 0-0: Ball
1-0: Called Strike
1-1: Ball
2-1: Ground out 3-1 (Groundball, 34S)
Tetsunori Ito to third
Ricardo González to second
Batting: RHB Ben Morton 0-0: Ball
1-0: Foul Ball, location: 2F
1-1: Ball
2-1: Foul Ball, location: 2F
2-2: Strikes out swinging
Batting: RHB Miguel Serna 0-0: Ground out 5-3 (Groundball, 5S)
Bottom of the 5th over - 0 runs, 1 hit, 0 errors, 2 left on base; Seattle 0 - Jersey Shore 2
TOP OF THE 6TH
Seattle Pikes batting - Pitching for Jersey Shore D-Bags : RHP Chris Chamberlain
Batting: RHB Pete Rideout 0-0: Foul Ball, location: 2F
0-1: Ball
1-1: Fly out, F5 (Popup, 5F)
Batting: RHB Robinson Pacheco 0-0: Ground out 6-3 (Groundball, 56)
Batting: RHB Robert Johnson 0-0: Ball
1-0: Ball
2-0: Ground out 4-3 (Groundball, 4)
Top of the 6th over - 0 runs, 0 hits, 0 errors, 0 left on base; Seattle 0 - Jersey Shore 2
BOTTOM OF THE 6TH
Jersey Shore D-Bags batting - Pitching for Seattle Pikes : RHP Ron Hannah
Batting: RHB Mike Ingram 0-0: Ball
1-0: Ball
2-0: Ball
3-0: Called Strike
3-1: Base on Balls
Batting: RHB Pat Fullerton 0-0: Ball
1-0: Called Strike
1-1: Ball
2-1: Called Strike
2-2: Foul Ball, location: 2F
2-2: Strikes out looking
Batting: LHB Albert Morgan 0-0: Called Strike
0-1: Ball
1-1: Swinging Strike
1-2: SINGLE (Groundball, 4MD)
Mike Ingram to second
Batting: LHB António Cedeño 0-0: Ball
1-0: Ball
2-0: Called Strike
2-1: Foul Ball, location: 2F
2-2: Foul Ball, location: 2F
2-2: Ball
3-2: Foul Ball, location: 2F
3-2: Base on Balls
Mike Ingram to third
Albert Morgan to second
Batting: RHB Tetsunori Ito 0-0: Called Strike
0-1: Foul Ball, location: 2F
0-2: Fly out, F9 (Flyball, 9LSF)
Runner from 3rd tags up, SCORES, no throw
Batting: RHB Ricardo González 0-0: Fly out, F7 (Flyball, 7S)
Bottom of the 6th over - 1 run, 1 hit, 0 errors, 2 left on base; Seattle 0 - Jersey Shore 3
TOP OF THE 7TH
Seattle Pikes batting - Pitching for Jersey Shore D-Bags : RHP Chris Chamberlain
Batting: LHB Richard Hunter 0-0: Called Strike
0-1: Swinging Strike
0-2: Ground out U3 (Groundball, 3)
Batting: RHB Manuel Rico 0-0: Called Strike
0-1: Foul Ball, location: 2F
0-2: Ball
1-2: Fly out, F6 (Popup, 56D)
Batting: LHB Francisco Ríos 0-0: Ball
1-0: Foul Ball, location: 2F
1-1: Called Strike
1-2: Strikes out swinging
Top of the 7th over - 0 runs, 0 hits, 0 errors, 0 left on base; Seattle 0 - Jersey Shore 3
BOTTOM OF THE 7TH
Jersey Shore D-Bags batting - Pitching for Seattle Pikes : RHP Ron Hannah
Pinch Hitting: LHB Marcos Villarreal 0-0: Foul Ball, location: 2F
0-1: Ball
1-1: Foul Ball, location: 2F
1-2: Foul Ball, location: 2F
1-2: Foul Ball, location: 2F
1-2: Ball
2-2: Foul Ball, location: 2F
2-2: Foul Ball, location: 2F
2-2: Ball
3-2: Foul Ball, location: 2F
3-2: Base on Balls
Batting: RHB Ben Morton 0-0: SINGLE (Line Drive, 7LS)
Marcos Villarreal to second
Batting: RHB Miguel Serna 0-0: Ball
1-0: Ball
2-0: Fly out, F8 (Flyball, 8RM)
Pinch Hitting: LHB Dave Dodd 0-0: Ball
1-0: Foul Ball, location: 2F
1-1: 3-RUN HOME RUN (Flyball, 9D), Distance : 418 ft
Pitching: LHP Juan Parrot
Pinch Hitting: RHB Lowie van den Bogaert 0-0: Swinging Strike
0-1: Swinging Strike
0-2: DOUBLE (Flyball, 9D)
Batting: LHB Albert Morgan 0-0: Ball
1-0: Foul Ball, location: 2F
1-1: Called Strike
1-2: Strikes out swinging
Batting: LHB António Cedeño 0-0: Called Strike
0-1: Ball
1-1: Ground out 4-3 (Groundball, 4M)
Bottom of the 7th over - 3 runs, 3 hits, 0 errors, 1 left on base; Seattle 0 - Jersey Shore 6
TOP OF THE 8TH
Seattle Pikes batting - Pitching for Jersey Shore D-Bags : RHP Chris Chamberlain
Pitching: LHP Dave Blackwell
Now in LF: Marcos Villarreal
Now in CF: Lowie van den Bogaert
Now in RF: Dave Dodd
Batting: RHB Randy Sheppard 0-0: Ball
1-0: Ground out 6-3 (Groundball, 6S)
Batting: RHB Iván Gonzáles 0-0: Ball
1-0: Foul Ball, location: 2F
1-1: Swinging Strike
1-2: Ground out 3-1 (Groundball, 3S)
Batting: RHB Arnold Harmon 0-0: Ball
1-0: Foul Ball, location: 2F
1-1: SOLO HOME RUN (Flyball, 7D), Distance : 382 ft
Batting: RHB Pete Rideout 0-0: Ball
1-0: Ball
2-0: Called Strike
2-1: Foul Ball, location: 2F
2-2: Strikes out swinging
Top of the 8th over - 1 run, 1 hit, 0 errors, 0 left on base; Seattle 1 - Jersey Shore 6
BOTTOM OF THE 8TH
Jersey Shore D-Bags batting - Pitching for Seattle Pikes : LHP Juan Parrot
Batting: RHB Tetsunori Ito 0-0: Called Strike
0-1: SINGLE (Groundball, 6D)
Batting: RHB Ricardo González 0-0: Ball
1-0: Ball
2-0: Called Strike
2-1: Ball
3-1: Foul Ball, location: 2F
3-2: Fly out, F8 (Flyball, 8LS)
Batting: LHB Marcos Villarreal 0-0: Ball
1-0: Foul Ball, location: 2F
1-1: Called Strike
1-2: Ball
2-2: Strikes out looking
Batting: RHB Ben Morton 0-0: Called Strike
0-1: Foul Ball, location: 2F
0-2: Ball
1-2: Ball
2-2: Foul Ball, location: 2F
2-2: Ball
3-2: Ground out 6-3 (Groundball, 6S)
Bottom of the 8th over - 0 runs, 1 hit, 0 errors, 1 left on base; Seattle 1 - Jersey Shore 6
TOP OF THE 9TH
Seattle Pikes batting - Pitching for Jersey Shore D-Bags : LHP Dave Blackwell
Pinch Hitting: RHB Wallace Greene 0-0: Called Strike
0-1: Ball
1-1: Ground out 4-3 (Groundball, 4)
Pinch Hitting: RHB Murai Ishihara 0-0: Swinging Strike
0-1: Ball
1-1: Foul Ball, location: 2F
1-2: Foul Ball, location: 2F
1-2: Strikes out looking
Batting: SHB António Hernández 0-0: Fly out, F8 (Flyball, 8LD)
Top of the 9th over - 0 runs, 0 hits, 0 errors, 0 left on base; Seattle 1 - Jersey Shore 6
Saturday, December 16th, 2017 - OOTP Baseball 18.8 Build 76